 Dungeon Crawl Stone Soup version 0.19-a0-1079-g88a7474 (webtiles) character file.

2177 bullock the Fighter (level 9, -4/82 HPs)
             Began as a Demonspawn Wanderer on Aug 6, 2016.
             Was an Initiate of Makhleb.
             Slain by an orc warrior
             ... wielding a +0 scimitar of electrocution
              (18 damage)
             ... on level 7 of the Dungeon.
             The game lasted 00:26:29 (10597 turns).

bullock the Fighter (Demonspawn Wanderer)          Turns: 10597, Time: 00:26:29

Health: -4/82      AC:  9    Str: 12    XL:     9   Next: 11%
Magic:  0/9        EV: 10    Int: 17    God:    Makhleb [......]
Gold:   259        SH:  0    Dex: 13    Spells: 0 memorised, 8 levels left

rFire  . . .     SeeInvis +     w - +0 long sword
rCold  . . .     Gourm    .     B - +0 ring mail
rNeg   . . .     Faith    .     (no shield)
rPois  .         Spirit   +     (helmet unavailable)
rElec  .         Dismiss  .     (no cloak)
rCorr  .         Reflect  .     (no gloves)
SustAt .         Harm     .     A - +1 pair of boots
MR     +....     Rnd*Tele +     C - amulet of guardian spirit
Stlth  ++........               F - ring of teleportation (curse)
                                p - ring of protection from magic

@: about to teleport
A: antennae 3, slimy green scales 1, nightstalker 1
a: Renounce Religion


You were on level 7 of the Dungeon.
You worshipped Makhleb.
Makhleb was noncommittal.
You were very hungry.

You visited 2 branches of the dungeon, and saw 8 of its levels.

You collected 259 gold pieces.

Inventory:

Hand Weapons
 w - a +0 long sword (weapon)
 x - a +0 blowgun
Missiles
 d - 21 poisoned needles
Armour
 m - a +0 pair of boots
 A - a +1 pair of boots (worn)
 B - a +0 ring mail (worn)
Jewellery
 p - a ring of protection from magic (left hand)
 C - an amulet of guardian spirit (around neck)
 F - a cursed ring of teleportation (right hand)
Wands
 a - a wand of digging (11/24)
Scrolls
 f - 2 scrolls of remove curse
 k - a scroll of teleportation
 n - a scroll of magic mapping {unknown}
 t - a scroll of fog
 v - 2 scrolls of blinking {unknown}
 y - 6 scrolls of identify
 E - a scroll of enchant weapon {unknown}
Potions
 b - a potion of mutation {unknown}
 e - a potion of cancellation {unknown}
 h - a potion of lignification {unknown}
 i - 3 potions of might {unknown}
 l - 2 potions of brilliance {unknown}
 o - 3 potions of invisibility {unknown}
 q - a potion of ambrosia {unknown}
 s - 2 potions of haste {unknown}
 z - 2 potions of flight {unknown}
 D - 3 potions of magic {unknown}
Comestibles
 g - 6 bread rations
 j - 12 fruits
 u - 4 meat rations


   Skills:
 + Level 12.2 Fighting
 + Level 2.1 Long Blades
 - Level 1.0 Throwing
 - Level 1.0 Dodging
 - Level 1.0 Stealth
   Level 1.0 Shields
 - Level 1.0 Unarmed Combat


You had 8 spell levels left.
You didn't know any spells.

Dungeon Overview and Level Annotations

Branches:
Dungeon (7/15)             Temple (1/1) D:6

Altars:
Dithmenos
Elyvilon
Fedhas
Hepliaklqana
Kikubaaqudgha
Makhleb
Nemelex Xobeh
Okawaru
Qazlal
Ru
Sif Muna
Trog
Uskayaw
Vehumet
Xom
Yredelemnul
Zin
The Shining One

Shops:
D:6 %

Annotations:
D:3 Edmund


Innate Abilities, Weirdness & Mutations

You have a pair of large antennae on your head. (SInv)
You are partially covered in slimy green scales. (AC +2)
You are slightly more attuned to the shadows.


Message History

The poisoned needle barely misses the orc warrior.
A kobold comes into view. It is wielding a dagger.
A kobold and a big kobold come into view.
The kobold shouts!
A kobold comes into view. It is wielding a short sword.
As you read the scroll of teleportation, it crumbles to dust.
You feel strangely unstable.
The orc warrior hits you with a scimitar of electrocution!
The kobold throws a stone.
The stone hits you but does no damage.
Things that are here:
a stone; a dented blue amulet Really attack while wielding your +0 blowgun?
Okay, then.
Wield which item (- for none, * to show all)? (? for menu, Esc to quit)
w - a +0 long sword (weapon)
The kobold closely misses you.
The orc warrior hits you with a scimitar of electrocution!
* * * LOW HITPOINT WARNING * * *
You are electrocuted!
You die...

#### ..# ####.#
#..?.############
..#.(>o.o(.....{. #
.....#####.#######.####
........{#..o.oo@KK.K..
.........#########.....
<........# ####
.#...[...# {{
<#.......# ##.......#
#.......# ##o.....<#
{....(##...)...


You could see an orc warrior, an orc wizard (invisible), an orc and 3 kobolds.

Vanquished Creatures
  Grinder (D:3)
  A water moccasin (D:6)
  3 ice beasts
  2 phantoms (D:6)
  A sky beast (D:6)
  4 ogres
  The ghost of Multipenetrator the Firebug, an amateur FoFE (D:3)
  A centaur (D:6)
  A giant frog (D:6)
  3 crimson imps
  A centaur zombie (D:5)
  A hound (D:6)
  4 orc wizards
  A jelly (D:1)
  An iguana (D:4)
  Natasha (twice) (D:3)
  6 worker ants
  A killer bee zombie (D:6)
  A hound skeleton (D:4)
  Robin (D:3)
  7 adders
  2 adder skeletons
  3 worms
  4 dart slugs
  5 giant geckos
  20 orcs
  6 giant cockroaches
  11 goblins
  11 hobgoblins
  17 jackals
  5 kobolds
  3 quokkas
  3 ball pythons
  A ball python skeleton (D:4)
  6 bats
  7 giant newts
  A jackal skeleton (D:4)
  6 rats
155 creatures vanquished.

Vanquished Creatures (others)
  Natasha (D:3)
  An adder (D:3)
  A bat (D:3)
  A goblin (D:3)
  A hobgoblin (D:3)
  A quokka (D:3)
6 creatures vanquished.

Grand Total: 161 creatures vanquished

Notes
Turn   | Place    | Note
-------+----------+-------------------------------------------
     0 | D:1      | bullock the Demonspawn Wanderer began the quest for the Orb.
     0 | D:1      | bullock set off with: a potion of heal wounds, a potion of berserk rage, a +0 quarterstaff, 12 poisoned needles, a +0 blowgun, a +0 robe, a bread ration
     0 | D:1      | Reached XP level 1. HP: 19/19 MP: 1/1
   410 | D:1      | Gained mutation: You have a pair of small antennae on your head. [demonic ancestry]
   410 | D:1      | Reached XP level 2. HP: 8/26 MP: 2/2
   920 | D:1      | Reached skill level 5 in Fighting
   920 | D:1      | Reached XP level 3. HP: 28/33 MP: 3/3
  1707 | D:2      | Gained mutation: You have a pair of antennae on your head. [demonic ancestry]
  1707 | D:2      | Reached XP level 4. HP: 37/39 MP: 4/4
  2748 | D:3      | Reached skill level 6 in Fighting
  2909 | D:3      | HP: 2/40 [worker ant (2)]
  2919 | D:3      | Gained mutation: You are partially covered in slimy green scales. (AC +2) [demonic ancestry]
  2919 | D:3      | Reached XP level 5. HP: 9/47 MP: 2/5
  2945 | D:2      | HP: 2/47 [poisoned by a worker ant]
  3278 | D:3      | Noticed Multipenetrator's ghost (amateur FoFE)
  3295 | D:3      | Killed Multipenetrator's ghost
  3332 | D:3      | Reached skill level 7 in Fighting
  3469 | D:3      | Noticed Natasha
  3511 | D:3      | Killed Natasha
  3511 | D:3      | Reached XP level 6. HP: 18/55 MP: 4/6
  3691 | D:3      | Killed Natasha
  3803 | D:3      | Noticed Natasha
  3815 | D:3      | Killed Natasha
  3888 | D:3      | Noticed Grinder
  3905 | D:3      | Paralysed by Grinder for 2 turns
  3913 | D:3      | Killed Grinder
  3913 | D:3      | Reached skill level 8 in Fighting
  3948 | D:3      | Noticed Robin
  4024 | D:3      | Killed Robin
  4024 | D:3      | Reached XP level 7. HP: 42/63 MP: 7/7
  5072 | D:4      | Reached skill level 9 in Fighting
  5337 | D:4      | Found a stormy altar of Qazlal.
  5503 | D:4      | Noticed Edmund
  6247 | D:5      | Entered Level 5 of the Dungeon
  6293 | D:5      | Reached skill level 10 in Fighting
  6365 | D:5      | Gained mutation: You have a pair of large antennae on your head. (SInv) [demonic ancestry]
  6365 | D:5      | Reached XP level 8. HP: 58/72 MP: 8/8
  6745 | D:5      | Got a twisted robe
  6757 | D:5      | Identified the +1 robe of Forking Paths {+Fly rN+} (You found it on level 5 of the Dungeon)
  7425 | D:6      | Found Zuus's Food Shop.
  7537 | D:6      | Reached skill level 11 in Fighting
  8759 | D:6      | Found a staircase to the Ecumenical Temple.
  8768 | Temple   | Entered the Ecumenical Temple
  8803 | Temple   | Became a worshipper of Makhleb the Destroyer
  9476 | D:6      | Reached skill level 12 in Fighting
  9821 | D:6      | Gained mutation: You are slightly more attuned to the shadows. [demonic ancestry]
  9821 | D:6      | Reached XP level 9. HP: 32/82 MP: 3/9
 10597 | D:7      | Slain by an orc warrior

Vault maps used:
D:1:      lemuel_arrival_muddy
D:2:      minmay_crystal_water, hangedman_decor_points
D:3:      lemuel_old_faithful, uniq_grinder, uniq_robin, uniq_natasha
D:4:      nicolae_overflow_hidden_temple, uniq_edmund
D:5:      first_bread
D:6:      serial_shops, shop
D:7:      basic_altar
Temple:   grunt_wide_crystal_templ

Skill      XL: |  1  2  3  4  5  6  7  8  9 |
---------------+----------------------------+-----
Fighting       | 5 6 7 8 10 12 | 12.2
Long Blades    | 2 |  2.1
Throwing       | |  1.0
Dodging        | |  1.0
Stealth        | |  1.0
Shields        | |  1.0
Unarmed Combat | |  1.0

Action                   |  1- 3 |  4- 6 |  7- 9 || total
-------------------------+-------+-------+-------++-------
Melee: Quarterstaff      |    72 |    26 |       ||    98
       Blowgun           |     1 |       |       ||     1
       Short sword       |       |   279 |   717 ||   996
       Punch             |       |     2 |     8 ||    10
       Long sword        |       |       |   105 ||   105
 Fire: Blowgun           |    44 |     9 |   143 ||   196
Throw: Throwing net      |       |     1 |     1 ||     2
  Use: Scroll            |     1 |       |     5 ||     6
       Potion            |       |     2 |     2 ||     4
 Stab: Sleeping          |       |     2 |     1 ||     3
       Held in net/web   |       |     1 |       ||     1
  Eat: Chunk             |     1 |     9 |    16 ||    26
       Beef jerky        |       |       |     2 ||     2
       Pizza             |       |       |     2 ||     2
Armor: Robe              |    27 |    19 |       ||    46
       Ring mail         |       |   133 |   399 ||   532
Dodge: Dodged            |    74 |   199 |   435 ||   708
